 Dungeon Crawl Stone Soup version 0.30-a0-782-ge64f9170bb (webtiles) character file.

Game seed: 10891253780197968996

28 snipermoke the Trooper (level 2, -3/24 HPs)
             Began as a Demonspawn Berserker on Mar 6, 2023.
             Was a Follower of Trog.
             Killed from afar by Robin (6 damage)
             ... with a puff of flame
             ... on level 3 of the Dungeon.
             The game lasted 00:04:48 (592 turns).

snipermoke the Trooper (Demonspawn Berserker)        Turns: 592, Time: 00:04:49

Health: -3/24      AC:  6    Str: 17    XL:     2   Next: 96%
Magic:  2/2        EV: 12    Int:  8    God:    Trog [*.....]
Gold:   89         SH:  0    Dex: 12    Spells: 1/1 levels left

rFire   . . .      SeeInvis .    a - +0 spear
rCold   . . .      Faith    .    (no shield)
rNeg    . . .      Spirit   .    d - +0 leather armour
rPois   .          Reflect  .    (no helmet)
rElec   .          Harm     .    (no cloak)
rCorr   .          Rampage  .    (no gloves)
Will    .....                    e - +0 pair of boots
Stlth   +                        (no amulet)
HPRegen 0.24/turn                (no ring)
MPRegen 0.08/turn                (no ring)

@: on berserk cooldown, slowed, very slow
A: slimy green scales 1
a: Renounce Religion, Berserk


You were on level 3 of the Dungeon.
You worshipped Trog.
Trog was aware of your devotion.
You visited 1 branch of the dungeon, and saw 3 of its levels.

You collected 89 gold pieces.

Inventory:

Hand Weapons
 a - a +0 spear (weapon)
Armour
 d - a +0 leather armour (worn)
 e - a +0 pair of boots (worn)


   Skills:
 + Level 3.3 Fighting
 + Level 3.2 Polearms
 + Level 2.0 Armour
 + Level 2.0 Dodging


You had one spell level left.
You didn't know any spells.
Your spell library was empty.

Dungeon Overview and Level Annotations

Branches:
Dungeon (3/15)

Altars:

Annotations:
D:3 Robin


Innate Abilities, Weirdness & Mutations

You are partially covered in slimy green scales. (AC +2)


Message History

The goblin hits you with a +0 dagger. The goblin hits you but does no damage.
You completely miss the goblin.
Robin roars a battlecry!
The hobgoblin goes into a battle-frenzy!
The goblin barely misses you.
The frilled lizard bites you but does no damage.
The goblin hits you with a +0 dagger.
* * * LOW HITPOINT WARNING * * *
You closely miss the goblin. Robin barely misses you.
The goblin hits you but does no damage. The goblin barely misses you.
The frilled lizard bites you but does no damage.
Robin hits you with a +0 mace.
* * * LOW HITPOINT WARNING * * *
The goblin hits you but does no damage. The frilled lizard barely misses you.
The goblin barely misses you.
You hit the frilled lizard.
You kill the frilled lizard!
Trog accepts your kill.
The goblin no longer looks unusually strong.
The goblin completely misses you. The goblin closely misses you.
The goblin attacks as you move away! The goblin hits you but does no damage.
The goblin no longer looks unusually strong.
Robin roars a battlecry!
The goblins go into a battle-frenzy!
The goblin misses you. Robin throws the goblin at you!
The goblin hits you but does no damage. The goblin closely misses you.
The goblin hits you with a +0 dagger.
* * * LOW HITPOINT WARNING * * *
Items here: )) ††.
You're still recovering from your berserk rage.
As you read the scroll labelled NUCA COXZI, it crumbles to dust.
The creatures around you are filled with an inner flame!
It was a scroll of immolation.
Robin zaps a wand.
The puff of flame hits you.
* * * LOW HITPOINT WARNING * * *
The goblin closely misses you. The goblin misses you.
The goblin closely misses you. Robin attacks as you move away!
Robin closely misses you. The goblin attacks as you move away!
The goblin barely misses you.
Robin zaps a wand.
The puff of flame hits you.
You die...

... .......
..## .......
#...
........
#...
........ .
#...##......
.. ...#....
.. #...# ..
#@.g# .#
##)g##.#
#gg<..#
#g##....#
#g# #......
#g# ..#...
#.# .# ..
... ## . ##.


You could see Robin (inner flame), a hobgoblin (inner flame, strong) and 5
goblins.

Vanquished Creatures
  A ball python (D:1)
  A bat (D:1)
  3 endoplasms
  2 giant cockroaches (D:1)
  6 goblins
  4 jackals (D:1)
  A kobold (D:2)
  A quokka (D:2)
  A frilled lizard (D:3)
  3 rats
23 creatures vanquished.

Vanquished Creatures (others)
  7 plants (D:1)
7 creatures vanquished.

Grand Total: 30 creatures vanquished

Notes
Turn   | Place    | Note
-------+----------+-------------------------------------------
     0 | D:1      | snipermoke the Demonspawn Berserker began the quest for the
                  | Orb.
     0 | D:1      | Reached XP level 1. HP: 18/18 MP: 1/1
   161 | D:1      | Gained mutation: You are partially covered in slimy green
                  | scales. (AC +2) [demonic ancestry]
   161 | D:1      | Reached XP level 2. HP: 20/24 MP: 2/2
   568 | D:3      | Noticed Robin
   592 | D:3      | Killed from afar by Robin

Illustrated notes

Levels and vault maps discovered:
D:1:      nicolae_arrival_washed_ashore, layout_loops_ring, serial_bayou_lake_a
D:2:      kennysheep_six_static_rooms, layout_basic
D:3:      layout_rooms, pdpol_temple_overflow_zin_treasury_gozag_greed,
          kennysheep_slug_shrine, uniq_grinder, uniq_robin

Skill      XL: |  1  2 |
---------------+-------+-----
Polearms       | 3 |  3.2
Dodging        | 2 |  2.0
Armour         | 2 |  2.0
Fighting       | |  3.3

Action                     || total
---------------------------++-------
  Melee: Spear             ||    72
         Punch             ||     1
 Invoke: Berserk           ||     3
    Use: Potion            ||     2
         Scroll            ||     4
   Stab: Sleeping          ||     1
 Armour: Leather armour    ||    37
         Animal skin       ||     1
  Dodge: Dodged            ||    67

Table legend: (Time is in decaauts)
 A = Elapsed time spent in this place.
 B = Non-inter-level travel time spent in this place.
 C = Inter-level travel time spent in this place.
 D = Time resting spent in this place.
 E = Time spent auto-exploring this place.
 F = Levels seen in this place.
 G = Mean time per level.
                   A        B        C        D        E       F      G
               +--------+--------+--------+--------+--------+-----+--------+
         Total |    627 |    450 |    177 |      0 |    241 |   3 |  209.0 |
       Dungeon |    627 |    450 |    177 |      0 |    241 |   3 |  209.0 |
               +--------+--------+--------+--------+--------+-----+--------+

Top non-repeatable levels by time:
     D:1: 347 daAuts
     D:2: 252 daAuts
     D:3: 27 daAuts
